 Dungeon Crawl Stone Soup version 0.19.1 (webtiles) character file.

2752 Nydiazath the Covert (level 9, 0/39 HPs)
             Began as a Spriggan Enchanter on Dec 15, 2016.
             Was a Priest of Okawaru.
             Shot with a sling bullet by Joseph (19 damage)
             ... on level 8 of the Dungeon.
             The game lasted 00:17:10 (6287 turns).

Nydiazath the Covert (Spriggan Enchanter)           Turns: 6287, Time: 00:17:10

Health: 0/39       AC:  4    Str:  4    XL:     9   Next: 41%
Magic:  1/14       EV: 28    Int: 19    God:    Okawaru [***...]
Gold:   308        SH:  0    Dex: 17    Spells: 3 memorised, 7 levels left

rFire  . . .     SeeInvis +     a - +1 dagger
rCold  . . .     Gourm    .     b - +1 robe
rNeg   . . .     Faith    .     (shield restricted)
rPois  .         Spirit   .     (helmet restricted)
rElec  .         Reflect  .     (no cloak)
rCorr  .         Harm     .     (gloves unavailable)
MR     +....                    (boots unavailable)
Stlth  +++++.....               n - amulet of regeneration
                                q - +1 ring of protection
                                o - +3 ring of evasion

@: very quick
A: unfitting armour, see invisible, herbivore 3, speed 3, slow metabolism 2
a: Heroism, Renounce Religion


You were on level 8 of the Dungeon.
You worshipped Okawaru.
Okawaru was most pleased with you.
You were full.

You visited 1 branch of the dungeon, and saw 8 of its levels.

You collected 308 gold pieces.

Inventory:

Hand Weapons
 a - a +1 dagger (weapon)
Armour
 b - a +1 robe (worn)
Jewellery
 l - a +3 ring of dexterity
 n - an amulet of regeneration (around neck)
 o - a +3 ring of evasion (left hand)
 q - a +1 ring of protection (right hand)
 x - an uncursed ring of resist corrosion
 C - an uncursed ring of flight
Wands
 y - a wand of paralysis (2/24)
Scrolls
 f - 4 scrolls of teleportation {unknown}
 g - a scroll of immolation {unknown}
 j - 3 scrolls of fear {unknown}
 k - 2 scrolls of fog {unknown}
 m - a scroll of remove curse
 p - 2 scrolls of noise {unknown}
 s - 5 scrolls of recharging {unknown}
 t - a scroll of blinking {unknown}
 u - 4 scrolls of identify
 w - 5 scrolls of amnesia {unknown}
 D - a scroll of random uselessness {unknown}
 F - a scroll of summoning {unknown}
Potions
 e - a potion of magic {unknown}
 h - 5 potions of curing {unknown}
 i - 3 potions of flight
 r - 2 potions of lignification {unknown}
 v - 2 potions of heal wounds {unknown}
 z - a potion of might {unknown}
 A - 3 potions of berserk rage {unknown}
 B - 2 potions of degeneration {unknown}
 E - a potion of cure mutation {unknown}
Books
 c - a book of Maledictions

   Spells                             Type                      Level
   a - Corona                         Hexes                        1
   b - Ensorcelled Hibernation        Hexes/Ice                    2
   c - Confuse                        Hexes                        3
   d - Tukima's Dance                 Hexes                        3
   e - Dazzling Spray                 Conjuration/Hexes            3
Comestibles
 d - 2 bread rations


   Skills:
 + Level 8.6 Short Blades
 + Level 9.9 Dodging
 + Level 12.6 Stealth
 - Level 2.6 Spellcasting
 - Level 3.6 Hexes


You had 7 spell levels left.
You knew the following spells:

 Your Spells              Type           Power        Failure   Level  Hunger
a - Corona                Hex            ###....      4%          1    None
b - Ensorcelled Hibernat  Hex/Ice        #.....       14%         2    ##.....
c - Confuse               Hex            ###.....     12%         3    ###....


Dungeon Overview and Level Annotations

Branches:
Dungeon (8/15)             Temple (0/1) D:7
   Lair: D:8-11

Altars:
Ashenzari
Cheibriados
Dithmenos
Elyvilon
Fedhas
Nemelex Xobeh
Okawaru
Qazlal
Ru
Sif Muna
Vehumet
The Shining One

Annotations:
D:4 exclusion: statue
D:5 exclusion: oklob plant
D:8 Joseph


Innate Abilities, Weirdness & Mutations

You are very small and have problems with some larger weapons.
You are too small for most types of armour.
You have supernaturally acute eyesight. (SInv)
You are a herbivore.
You cover ground extremely quickly.
You need consume almost no food.


Message History

Joseph hits you with an uncursed quarterstaff of protection!
Casting: Ensorcelled Hibernation
Confirm with . or Enter, or press ? or * to list all spells.
You don't have enough magic to cast that spell.
Unknown command.
You hit Joseph but do no damage. You hit Joseph but do no damage.
Joseph completely misses you.
You hit Joseph but do no damage. You hit Joseph but do no damage.
Joseph hits you but does no damage.
You barely miss Joseph.
Joseph hits you with an uncursed quarterstaff of protection!
Casting: Ensorcelled Hibernation
Confirm with . or Enter, or press ? or * to list all spells.
You don't have enough magic to cast that spell.
You hit Joseph but do no damage.
Joseph unwields an uncursed quarterstaff of protection.
Joseph wields an uncursed hunting sling of freezing.
It is covered in frost.
Joseph shoots a sling bullet.
The sling bullet hits you!!
You die...

... #.# #.#
####.##
..#<.#
#.##.# #
#.##.#
#.####..#.#
#.@.@....(#
######..#.#
#..#.#
#..#.#
#..#.#
#..#.#
....#.#
####.#.#
#.#


You could see Joseph.

Vanquished Creatures
  The ghost of Paps the Cudgeler, a novice GrFi (D:5)
  Sigmund (D:2)
  Menkaure (D:7)
  2 black bears (D:7)
  2 ice beasts (D:8)
  A sky beast (D:5)
  A necrophage (D:7)
  3 ogres
  2 phantoms
  2 centaurs (D:7)
  A big kobold (D:5)
  A bullfrog (D:7)
  3 scorpions
  2 howler monkeys (D:4)
  A crimson imp (D:6)
  A centaur zombie (D:5)
  A jelly (D:5)
  A bullfrog zombie (D:6)
  4 hounds
  2 orc wizards
  An orc priest (D:5)
  Jessica (D:2)
  4 worker ants
  A hound skeleton (D:6)
  4 gnolls (D:4)
  10 adders
  A shadow imp (D:5)
  An ooze (D:3)
  An adder zombie (D:6)
  4 worms
  2 dart slugs
  3 leopard geckos
  13 orcs
  5 bats
  5 giant cockroaches
  7 goblins
  9 hobgoblins
  7 jackals
  4 quokkas
  4 frilled lizards
  A jackal zombie (D:6)
  7 kobolds
  A leopard gecko zombie (D:5)
  A quokka skeleton (D:6)
  14 rats
144 creatures vanquished.

Notes
Turn   | Place    | Note
-------+----------+-------------------------------------------
     0 | D:1      | Nydiazath the Spriggan Enchanter began the quest for the Orb.
     0 | D:1      | Reached XP level 1. HP: 9/9 MP: 5/5
   117 | D:1      | Reached XP level 2. HP: 9/13 MP: 6/6
   121 | D:1      | Reached skill level 5 in Stealth
   125 | D:1      | Learned a level 2 spell: Ensorcelled Hibernation
   730 | D:1      | Found a shattered altar of Ashenzari.
   947 | D:2      | Reached XP level 3. HP: 16/16 MP: 8/8
  1099 | D:2      | Reached skill level 6 in Stealth
  1526 | D:2      | Reached XP level 4. HP: 11/21 MP: 3/9
  1675 | D:2      | Noticed Jessica
  1687 | D:2      | Noticed Sigmund
  1722 | D:2      | Killed Jessica
  1737 | D:2      | Reached skill level 7 in Stealth
  1838 | D:2      | Killed Sigmund
  1838 | D:2      | Reached skill level 8 in Stealth
  1838 | D:2      | Reached XP level 5. HP: 24/24 MP: 3/10
  1838 | D:2      | Reached XP level 6. HP: 28/28 MP: 3/11
  2402 | D:3      | Found an iron altar of Okawaru.
  2402 | D:3      | Found a faded altar of an unknown god.
  2407 | D:3      | Found a glowing golden altar of the Shining One.
  2410 | D:3      | Became a worshipper of Warmaster Okawaru
  2419 | D:3      | Found a deep blue altar of Sif Muna.
  2421 | D:3      | Found a faded altar of an unknown god.
  2815 | D:4      | Reached skill level 5 in Short Blades
  2826 | D:4      | Reached skill level 9 in Stealth
  3049 | D:4      | Reached XP level 7. HP: 27/32 MP: 12/12
  3054 | D:4      | Learned a level 3 spell: Confuse
  3107 | D:4      | Found a sparkling altar of Nemelex Xobeh.
  3158 | D:4      | Reached * piety under Okawaru
  3308 | D:4      | Found a radiant altar of Vehumet.
  3317 | D:4      | Reached skill level 5 in Dodging
  3517 | D:5      | Entered Level 5 of the Dungeon
  3544 | D:5      | Reached skill level 10 in Stealth
  3561 | D:5      | Noticed Paps's ghost (novice GrFi)
  3575 | D:5      | Killed Paps's ghost
  3575 | D:5      | Reached ** piety under Okawaru
  3575 | D:5      | Reached XP level 8. HP: 36/36 MP: 2/13
  4260 | D:5      | Reached skill level 11 in Stealth
  4418 | D:5      | Found a shadowy altar of Dithmenos.
  4545 | D:5      | Found a blossoming altar of Fedhas.
  4567 | D:5      | Noticed an oklob plant
  4817 | D:6      | Found a stormy altar of Qazlal.
  4817 | D:6      | Noticed an air elemental
  5110 | D:6      | Found a snail-covered altar of Cheibriados.
  5134 | D:6      | You fall through a shaft!
  5557 | D:7      | Reached XP level 9. HP: 38/39 MP: 10/14
  5564 | D:7      | Found a staircase to the Ecumenical Temple.
  5720 | D:7      | Reached skill level 12 in Stealth
  5860 | D:7      | Noticed Menkaure
  5866 | D:7      | Killed Menkaure
  5960 | D:7      | Found a sacrificial altar of Ru.
  6072 | D:7      | Found a white marble altar of Elyvilon.
  6217 | D:8      | Noticed Joseph
  6218 | D:8      | Reached *** piety under Okawaru
  6287 | D:8      | Shot with a sling bullet by Joseph

Skill      XL: |  1  2  3  4  5  6  7  8  9 |
---------------+----------------------------+-----
Stealth        | 5 6 8 9 10 11 12 | 12.6
Short Blades   | 2 4 5 6 7 8 |  8.6
Dodging        | 4 6 9 |  9.9
Spellcasting   | |  2.6
Hexes          | |  3.6

Action                   |  1- 3 |  4- 6 |  7- 9 || total
-------------------------+-------+-------+-------++-------
Melee: Dagger            |   162 |   238 |   391 ||   791
 Cast: Ensorcelled Hiber |    10 |    12 |    63 ||    85
       Corona            |       |     3 |       ||     3
       Confuse           |       |       |     6 ||     6
  Use: Scroll            |     3 |       |     1 ||     4
 Stab: Sleeping          |    17 |    21 |    36 ||    74
       Confused          |       |       |     6 ||     6
       Distracted        |       |       |     4 ||     4
  Eat: Fruit             |       |     4 |       ||     4
       Bread ration      |       |       |     2 ||     2
Armor: Robe              |    21 |    22 |    12 ||    55
Dodge: Dodged            |   140 |   226 |   331 ||   697
